 Dungeon Crawl Stone Soup version 0.18-b1-16-g289874d (webtiles) character file.

88026 Kiel97 the Spear-Bearer (level 15, -3/132 HPs)
             Began as a Centaur Warper on May 1, 2016.
             Was the Champion of Qazlal.
             Slain by a titanic slime creature (16 damage)
             ... on level 12 of the Dungeon.
             The game lasted 01:35:32 (36235 turns).

Kiel97 the Spear-Bearer (Centaur Warper)           Turns: 36235, Time: 01:35:33

Health: -3/132     AC: 34    Str: 24    XL:     15   Next: 45%
Magic:  22/22      EV:  4    Int: 17    God:    Qazlal [******]
Gold:   1003       SH:  8    Dex: 12    Spells: 0 memorised, 17 levels left

rFire  . . .     SeeInvis .     a - +8 bardiche of the End {flame, *Contam rElec Int+5}
rCold  + . .     Gourm    .     V - +2 plate armour {MR+}
rNeg   . . .     Faith    .     (shield currently unavailable)
rPois  +         Spirit   .     r - +0 helmet
rElec  +         Dismiss  .     T - +2 cloak {+Inv}
rCorr  .         Reflect  .     P - +2 pair of gloves {Dex+3}
SustAt .         Harm     .     R - +1 centaur barding {Fly}
MR     ++...                    J - amulet of regeneration
Stlth  ..........               K - ring of protection from cold
                                Q - ring of poison resistance

@: protected from physical damage, flying, repel missiles, very quick, very
resistant to hostile enchantments, extremely unstealthy
A: hooves 3, blurry vision 1, deformed body, deterioration 1, speed 2, strong 2,
tough skin 3, subdued magic 1
a: Upheaval, Elemental Force, Disaster Area, Renounce Religion, Evoke
Invisibility, Stop Flying


You were on level 12 of the Dungeon.
You worshipped Qazlal.
Qazlal was exalted by your worship.
You were not hungry.

You visited 3 branches of the dungeon, and saw 24 of its levels.
You also visited: Sewer and Volcano.

You collected 2424 gold pieces.
You spent 1421 gold pieces at shops.

Inventory:

Hand Weapons
 a - the +8 bardiche of the End (weapon) {flame, *Contam rElec Int+5}
   (You acquired it in a sewer)

   It has been specially enchanted to burn those struck by it, causing extra
   injury to most foes and up to half again as much damage against particularly
   susceptible opponents.
   Big, fiery blades are also staple armaments of hydra-hunters.
   It affects your intelligence (+5).
   It insulates you from electricity.
   It causes magical contamination when unequipped.
 b - a +1 longbow of flaming
 c - a +2 mace of protection {Plan B}
 i - a +0 glaive of flaming
 t - a +0 halberd of flaming
Missiles
 e - 4 tomahawks of dispersal (quivered)
 l - 630 arrows
 B - 23 tomahawks
Armour
 g - a +4 plate armour of fire resistance
 r - a +0 helmet (worn)
 P - a +2 pair of gloves of dexterity (worn)
 R - a +1 centaur barding of flying (worn)
 T - a +2 cloak of invisibility (worn)
 V - a +2 plate armour of magic resistance (worn)
Jewellery
 J - an amulet of regeneration (around neck)
 K - a ring of protection from cold (right hand)
 Q - a ring of poison resistance (left hand)
 S - an uncursed ring of see invisible
Wands
 o - a wand of random effects (31/48)
 p - a wand of random effects (14/48)
 w - a wand of polymorph (10/24)
 I - a wand of teleportation (5/9)
Scrolls
 d - 3 scrolls of blinking
 s - a scroll of recharging
 x - 10 scrolls of identify
 y - a scroll of summoning
 E - 6 scrolls of fear
 F - 7 scrolls of remove curse
 N - 4 scrolls of magic mapping
 U - a scroll of fog
 Y - 2 scrolls of teleportation
Potions
 h - 6 potions of curing
 k - 5 potions of heal wounds
 m - 2 potions of lignification
 n - a potion of ambrosia
 q - a potion of cancellation
 u - 2 potions of haste
 v - 3 potions of magic
 z - 3 potions of might
 D - 4 potions of mutation
 G - 4 potions of resistance
 W - 2 potions of agility
 X - 2 potions of berserk rage
 Z - a potion of beneficial mutation
Miscellaneous
 L - a phial of floods
 M - a box of beasts {used: 6}
Comestibles
 f - 11 bread rations
 j - 11 meat rations
 A - 12 chunks of flesh
 C - 3 fruits


   Skills:
 + Level 11.8 Fighting
 - Level 13.1 Polearms
 - Level 10.0 Bows
 - Level 1.1 Throwing
 * Level 12.6 Armour
 - Level 1.3 Dodging
 - Level 1.5 Spellcasting
   Level 2.6 Translocations
 + Level 2.3 Invocations
 - Level 10.0 Evocations


You had 17 spell levels left.
You didn't know any spells.

Dungeon Overview and Level Annotations

Branches:
Dungeon (14/15)            Temple (0/1) D:5            Lair (8/8) D:11
 Shoals (0/4) Lair:6       Spider (0/4) Lair:4        Slime (0/6) Lair:6
    Orc (2/2) D:9             Elf (0/3) Orc:2
 Vaults: D:13-14

Altars:
Dithmenos
Fedhas
Gozag
Makhleb
Okawaru
Qazlal
Sif Muna
Beogh
Jiyva

Shops:
D:7 !   D:11 =   Orc:2 ?!!?

Annotations:
D:6 Christof's ghost, novice MiFi
Lair:6 1 runed door, exclusion: door


Innate Abilities, Weirdness & Mutations

You have hooves in place of feet.
Armour fits poorly on your strangely shaped body.
You cover ground very quickly.
You have extremely tough skin (AC +3).
Scrolls take you a little longer to read.
Your body sometimes deteriorates upon taking damage.
Your muscles are very strong. (Str +4)
Your spells are a little easier to cast, but a little less powerful.


Message History

You kick the slime creature.
The slime creature is almost dead.
You block the slime creature's attack.
You slice the slime creature!! You burn the slime creature.
You kill the slime creature!
Qazlal accepts your kill. The titanic slime creature hits you!
You feel protected from physical attacks.
There is an escape hatch in the floor, spattered with blood here.
You slice the titanic slime creature!! You burn the titanic slime creature!
Your kick misses the titanic slime creature.
The titanic slime creature is lightly wounded.
The titanic slime creature hits you!!!
You barely miss the titanic slime creature.
You kick the titanic slime creature, but do no damage.
The titanic slime creature is lightly wounded.
The titanic slime creature hits you!!!
* * * LOW HITPOINT WARNING * * *
The titanic slime creature hits you!
You die...

..######'####### #.....########
'## #.# ##'#### .# #.## #.## ##
#..# #J.# ##.# ##.# #.# #.#
###'#### ###'##### ##
#......#######.......#####. ####
#......'..@J.'.......##....
...####......#######.......+..##.
##....#......# #.....[.#####.
####.'...§.§# ######### #.
###......# #. ##'##### ##. ##.#
#.. #..# ##.# ###§####
##########...


You could see a titanic slime creature.

Vanquished Creatures
  Rupert (Lair:3)
  A stone giant (D:9)
  A dire elephant (Lair:8)
  Snorg (Lair:5)
  A vault guard (D:13)
  7 hydras
  2 ogre magi (Orc:2)
  The ghost of Enish the Destroyer, a journeyman DrCj of Gozag (Lair:2)
  A deep troll shaman (Lair:8)
  A catoblepas (Lair:8)
  11 death yaks
  A queen ant (D:11)
  3 orc high priests
  A fire crab (Lair:8)
  2 deep trolls (Orc:1)
  The ghost of pacci the Cleaver, a novice NaBe of Trog (D:4)
  A shambling mangrove (Lair:1)
  8 hill giants
  4 lindwurms (Lair:2)
  An octopode (Orc:2)
  A deep elf mage (D:12)
  A griffon (D:13)
  An orc sorcerer (Orc:2)
  5 ugly things
  5 cyclopes
  An oklob plant (Lair:6)
  14 elephants
  A molten gargoyle (Volcano)
  3 gargoyles
  6 black mambas
  A rime drake (Lair:2)
  9 spiny frogs
  6 komodo dragons
  A demonic crawler (Lair:3)
  12 trolls
  5 polar bears
  Prince Ribbit (D:6)
  8 two-headed ogres
  15 blink frogs
  2 slime creatures
  A boulder beetle (Lair:8)
  2 spriggans
  2 wraiths (D:13)
  44 yaks
  3 vampires
  2 wyverns
  Eustachio (D:5)
  6 basilisks
  2 fire elementals (Volcano)
  9 hippogriffs
  2 hungry ghosts
  Grum (Lair:1)
  A steam dragon (Lair:4)
  A mottled dragon (D:13)
  7 soldier ants (D:11)
  Menkaure (D:4)
  2 wargs (Orc:2)
  12 water moccasins
  7 porcupines
  25 orc warriors
  A black bear (Lair:4)
  2 sky beasts
  4 wasps
  Purgy (Sewer)
  29 ogres
  3 phantoms
  14 centaurs
  An ice beast (D:11)
  A necrophage (D:10)
  11 wolves
  25 crocodiles
  Blork the orc (D:4)
  2 big kobolds
  16 giant frogs
  A wyvern zombie (D:10)
  A gnoll sergeant (D:9)
  5 scorpions
  23 killer bees
  4 howler monkeys
  9 wights
  4 electric eels
  14 crimson imps
  2 centaur skeletons
  13 hounds
  20 orc priests
  2 giant frog zombies
  5 jellies
  17 orc wizards
  A gnoll shaman (D:4)
  10 iguanas
  27 worker ants
  A killer bee zombie (D:6)
  5 sheep (Lair:7)
  A hound skeleton (D:8)
  A worker ant zombie (D:9)
  Robin (D:4)
  14 gnolls
  2 howler monkey skeletons
  11 adders
  43 river rats
  A shadow imp (D:8)
  20 oozes
  2 adder zombies
  An adder skeleton (D:9)
  A dart slug (D:5)
  3 giant geckos
  75 orcs
  A ball python (D:4)
  9 giant cockroaches
  9 goblins
  10 hobgoblins
  19 jackals
  2 quokkas
  12 bats
  7 giant newts
  A jackal zombie (D:8)
  13 kobolds
  11 rats
  A bush (Lair:8)
  45 fungi
  69 plants
939 creatures vanquished.

Vanquished Creatures (collateral kills)
  A hippogriff (D:7)
  An ogre (D:7)
  A killer bee (D:9)
  A quasit (D:7)
4 creatures vanquished.

Vanquished Creatures (others)
  A death yak (Lair:8)
  A yak (Lair:8)
  A killer bee (D:9)
  2 iguanas
  46 fungi
  19 plants
70 creatures vanquished.

Grand Total: 1013 creatures vanquished

Notes
Turn   | Place    | Note
--------------------------------------------------------------
     0 | D:1      | Kiel97 the Centaur Warper began the quest for the Orb.
     0 | D:1      | Reached XP level 1. HP: 17/17 MP: 3/3
   198 | D:1      | Reached skill level 2 in Polearms
   493 | D:1      | Reached XP level 2. HP: 19/24 MP: 4/4
   860 | D:1      | Reached skill level 3 in Polearms
  1157 | D:2      | Reached XP level 3. HP: 25/29 MP: 5/5
  1397 | D:2      | Found a stormy altar of Qazlal.
  1397 | D:2      | Found a blossoming altar of Fedhas.
  1400 | D:2      | Found an opulent altar of Gozag.
  1407 | D:2      | Became a worshipper of Qazlal Stormbringer
  2026 | D:3      | Reached XP level 4. HP: 32/36 MP: 6/6
  2042 | D:3      | Found a shadowy altar of Dithmenos.
  2071 | D:3      | Reached skill level 4 in Polearms
  2354 | D:3      | Reached * piety under Qazlal
  3204 | D:4      | Found a glowing drain.
  3212 | D:4      | Noticed Blork the orc
  3214 | D:4      | Noticed pacci's ghost (novice NaBe)
  3304 | Sewer    | Entered a sewer
  3528 | Sewer    | Noticed Purgy
  3548 | Sewer    | Killed Purgy
  3548 | Sewer    | Reached skill level 5 in Polearms
  3548 | Sewer    | Reached XP level 5. HP: 40/41 MP: 7/7
  3620 | Sewer    | Identified a scroll of acquirement
  3621 | Sewer    | Got a smoking bardiche
  3622 | Sewer    | Identified the +8 bardiche of the End {flame, *Contam rElec Int+5} (You acquired it in a sewer)
  3629 | D:4      | Noticed Robin
  3704 | D:4      | Killed Robin
  3947 | D:4      | Killed Blork the orc
  3947 | D:4      | Reached skill level 6 in Polearms
  3947 | D:4      | Reached XP level 6. HP: 33/48 MP: 8/8
  4227 | D:4      | Killed pacci's ghost
  4227 | D:4      | Reached skill level 8 in Polearms
  4227 | D:4      | Reached XP level 7. HP: 53/55 MP: 9/9
  4279 | D:4      | Reached skill level 1 in Armour
  4373 | D:4      | Noticed Menkaure
  4405 | D:4      | Killed Menkaure
  4405 | D:4      | Reached skill level 1 in Evocations
  4405 | D:4      | Reached XP level 8. HP: 62/62 MP: 10/10
  4801 | D:5      | Entered Level 5 of the Dungeon
  4813 | D:5      | Reached ** piety under Qazlal
  4816 | D:5      | Noticed Eustachio
  5239 | D:5      | Killed Eustachio
  5268 | D:5      | Found a staircase to the Ecumenical Temple.
  5403 | D:5      | Gained mutation: Your spells are a little easier to cast, but a little less powerful. [mutagenic glow]
  5750 | D:5      | Reached skill level 1 in Bows
  6350 | D:6      | Reached XP level 9. HP: 51/71 MP: 11/11
  6584 | D:6      | Noticed Prince Ribbit
  6726 | D:6      | Noticed Christof's ghost (novice MiFi)
  6867 | D:6      | Killed Prince Ribbit
  6963 | D:5      | Reached *** piety under Qazlal
  8228 | D:7      | Reached skill level 5 in Fighting
  8410 | D:7      | Reached skill level 5 in Armour
  8423 | D:7      | Found Omiel's Distillery.
  8617 | D:7      | Bought 2 potions of resistance for 220 gold pieces
  8617 | D:7      | Bought a potion of might for 44 gold pieces
  8617 | D:7      | Bought a potion of heal wounds for 55 gold pieces
  9487 | D:8      | Noticed a gargoyle
  9938 | D:8      | Reached skill level 5 in Bows
 10501 | D:7      | Reached XP level 10. HP: 60/83 MP: 13/13
 12585 | D:9      | Found a staircase to the Orcish Mines.
 13013 | D:9      | Found an iron altar of Okawaru.
 13118 | D:9      | Reached skill level 5 in Evocations
 13480 | D:9      | Noticed a hill giant
 13587 | D:9      | Killed a hill giant
 14481 | D:9      | Reached **** piety under Qazlal
 15147 | D:10     | Entered Level 10 of the Dungeon
 15422 | D:10     | Noticed a gargoyle
 15447 | D:10     | Killed a gargoyle
 16554 | D:11     | Noticed a gargoyle
 16570 | D:11     | Killed a gargoyle
 16570 | D:11     | Reached XP level 11. HP: 90/91 MP: 15/15
 16615 | D:11     | Noticed a green ugly thing
 16620 | D:11     | Killed a green ugly thing
 16623 | D:11     | Found a staircase to the Lair.
 16748 | D:11     | Found Mecsud's Jewellery Shoppe.
 17311 | D:11     | Reached skill level 9 in Polearms
 17622 | D:11     | Noticed a hill giant
 17662 | D:10     | Killed a hill giant
 18462 | D:10     | Noticed a hill giant
 18464 | D:10     | Killed a hill giant
 18552 | D:11     | Found a roughly hewn altar of Beogh.
 19099 | D:11     | Noticed a cyan ugly thing
 19121 | D:11     | Killed a cyan ugly thing
 19376 | D:11     | Noticed a queen ant
 19413 | D:11     | Killed a queen ant
 20265 | Lair:1   | Entered Level 1 of the Lair of Beasts
 20273 | Lair:1   | Noticed Grum
 20557 | Lair:1   | Killed Grum
 20557 | Lair:1   | Reached skill level 10 in Polearms
 20581 | Lair:1   | Reached ***** piety under Qazlal
 21190 | Lair:1   | Gained mutation: Your muscles are strong. (Str +2) [potion of mutation]
 21190 | Lair:1   | Gained mutation: Your body sometimes deteriorates upon taking damage. [potion of mutation]
 21190 | Lair:1   | Gained mutation: Scrolls take you a little longer to read. [potion of mutation]
 21251 | Lair:1   | Reached XP level 12. HP: 65/103 MP: 17/17
 22595 | Lair:2   | Noticed Enish's ghost (journeyman DrCj)
 22619 | Lair:2   | Killed Enish's ghost
 23780 | Lair:3   | Noticed Rupert
 24039 | Lair:3   | Reached skill level 11 in Polearms
 24331 | Lair:3   | Found a burning altar of Makhleb.
 24575 | Lair:3   | Killed Rupert
 24751 | Lair:3   | Noticed a four-headed hydra
 24756 | Lair:3   | Killed a one-headed hydra
 25284 | Lair:4   | Found a hole to the Spider Nest.
 25307 | Lair:4   | Reached XP level 13. HP: 98/111 MP: 18/18
 26429 | Lair:5   | Noticed Snorg
 26472 | Lair:5   | Killed Snorg
 26472 | Lair:5   | Reached skill level 10 in Armour
 26669 | Lair:5   | Reached skill level 12 in Polearms
 27383 | Lair:6   | Found a staircase to the Shoals.
 27934 | Lair:6   | Found a runed door.
 27935 | Lair:6   | Found a viscous altar of Jiyva.
 27935 | Lair:6   | Noticed an acid blob
 27941 | Lair:6   | Noticed an acid blob
 27943 | Lair:6   | Noticed an acid blob
 27951 | Lair:6   | Found a staircase to the Slime Pits.
 28065 | Lair:6   | Reached skill level 10 in Fighting
 28178 | Lair:6   | Found a deep blue altar of Sif Muna.
 29960 | D:12     | Reached XP level 14. HP: 121/122 MP: 20/20
 30294 | D:13     | Reached skill level 13 in Polearms
 31164 | Orc:1    | Entered Level 1 of the Orcish Mines
 31274 | Orc:1    | Noticed a stone giant
 31344 | D:9      | Killed a stone giant
 32077 | Lair:2   | Gained mutation: Your muscles are very strong. (Str +4) [mutagenic glow]
 32428 | Orc:2    | Entered Level 2 of the Orcish Mines
 32478 | Orc:2    | Found a staircase to the Elven Halls.
 32493 | Orc:2    | Noticed Nessos
 32523 | Orc:1    | Reached ****** piety under Qazlal
 32715 | Orc:2    | Noticed Nessos
 32715 | Orc:2    | Nessos changed into Nessos the octopode
 32814 | Orc:2    | Killed Nessos the octopode
 33419 | Orc:2    | Found Jeor's Magic Scroll Shop.
 33436 | Orc:2    | Found Sox Ceej's Distillery.
 33439 | Orc:2    | Found Cuiwnap's Magic Scroll Shoppe.
 33443 | Orc:2    | Bought a scroll of identify for 28 gold pieces
 33443 | Orc:2    | Bought a scroll of fear for 49 gold pieces
 33443 | Orc:2    | Bought a scroll of summoning for 133 gold pieces
 33448 | Orc:2    | Bought a potion of heal wounds for 75 gold pieces
 33448 | Orc:2    | Bought a potion of resistance for 150 gold pieces
 33448 | Orc:2    | Bought 2 potions of might for 120 gold pieces
 33448 | Orc:2    | Bought a potion of berserk rage for 75 gold pieces
 33454 | Orc:2    | Found Irobuiby's Distillery.
 33459 | Orc:2    | Bought a scroll of teleportation for 45 gold pieces
 33459 | Orc:2    | Bought a scroll of fog for 30 gold pieces
 33459 | Orc:2    | Bought a scroll of remove curse for 45 gold pieces
 33459 | Orc:2    | Bought a scroll of teleportation for 45 gold pieces
 33459 | Orc:2    | Bought a scroll of blinking for 112 gold pieces
 33464 | Orc:2    | Bought a potion of haste for 130 gold pieces
 33464 | Orc:2    | Bought a potion of heal wounds for 65 gold pieces
 34121 | Lair:8   | Entered Level 8 of the Lair of Beasts
 34218 | Lair:8   | Reached skill level 10 in Bows
 34226 | Lair:8   | Reached XP level 15. HP: 122/130 MP: 22/22
 34531 | Lair:8   | Found a dark tunnel.
 34537 | Volcano  | Entered a volcano
 35266 | Lair:8   | Reached skill level 10 in Evocations
 35401 | Lair:8   | Reached skill level 1 in Invocations
 36235 | D:12     | Slain by a titanic slime creature

Skill      XL: |  1  2  3  4  5  6  7  8  9 10 11 12 13 14 15 |
---------------+----------------------------------------------+-----
Polearms       | 2 3 5 6 8 10 11 12 13 | 13.1
Armour         | 1 4 5 7 8 9 10 11 12 | 12.6
Evocations     | 1 3 4 5 6 7 8 9 10 | 10.0
Fighting       | 4 5 6 8 9 10 11 | 11.8
Bows           | 2 5 6 10 | 10.0
Invocations    | 2 |  2.3
Throwing       | |  1.1
Dodging        | |  1.3
Spellcasting   | |  1.5
Translocations | |  2.6

Action                   |  1- 3 |  4- 6 |  7- 9 | 10-12 | 13-15 || total
-------------------------+-------+-------+-------+-------+-------++-------
Melee: Spear             |   168 |   161 |   486 |   404 |       ||  1219
       Kick              |    23 |    28 |   112 |   184 |   201 ||   548
       Bardiche          |       |    25 |    63 |   569 |   948 ||  1605
 Fire: Shortbow          |       |       |    86 |   131 |    67 ||   284
Throw: Tomahawk          |       |       |     1 |       |       ||     1
Invok: Elemental Force   |       |       |     1 |     2 |       ||     3
       Upheaval          |       |       |       |    10 |     7 ||    17
Evoke: Wand              |       |     2 |    16 |    29 |    14 ||    61
       Box of beasts     |       |       |       |     5 |     1 ||     6
  Use: Scroll            |       |     7 |     8 |     7 |     8 ||    30
       Potion            |       |     3 |       |     9 |     1 ||    13
 Stab: Confused          |       |     1 |     1 |    14 |       ||    16
  Eat: Chunk             |    13 |     6 |    16 |    35 |    19 ||    89
       Fruit             |       |       |       |     1 |       ||     1
       Pizza             |       |       |       |     1 |       ||     1
       Beef jerky        |       |       |       |       |     7 ||     7
       Bread ration      |       |       |       |       |     1 ||     1
Armor: Plate armour      |    28 |       |       |       |   324 ||   352
       Ring mail         |    50 |    63 |    35 |       |       ||   148
       Scale mail        |       |       |   181 |   169 |       ||   350
       Chain mail        |       |       |       |   330 |    75 ||   405
       Troll leather arm |       |       |       |       |   288 ||   288
Dodge: Dodged            |    50 |    56 |   131 |   251 |   211 ||   699
       Deflected         |       |       |       |     3 |    16 ||    19
Block: Other             |       |    10 |    72 |   200 |   296 ||   578
